 Dungeon Crawl Stone Soup version bcrawl-1.13-1-g4ae1fcee6e (webtiles) character file.

Game seed: 3202909745815471975

331 Camlann the Poker (level 6, 34/47 HPs)
             Began as a Demonspawn Archaeologist on July 29, 2019.
             Quit the game on level 3 of the Dungeon.
             The game lasted 00:03:29 (2483 turns).

Camlann the Poker (Demonspawn Archaeologist)        Turns: 2483, Time: 00:03:30

Health: 34/47      AC:  6    Str: 12 (13) XL:     6   Next: 26%
Magic:  6/6        EV: 18    Int: 11 (12) God:
Gold:   268        SH:  0    Dex: 17      Spells: 5/5 levels left

rFire    . . .     SeeInvis .   m - +0 short sword (curse)
rCold    . . .     Gourm    .   (no shield)
rNeg     . . .     Faith    .   b - +1 robe
rPois    .         Spirit   .   c - +1 hat
rElec    .         Reflect  .   (no cloak)
rCorr    .         Harm     .   (no gloves)
MR       .....                  d - +1 pair of boots
Stlth    +++.......             (no amulet)
HPRegen  0.15/turn              j - -3 ring of intelligence (curse)
MPRegen  0.10/turn              (no ring)

@: agile
A: claws 1, spiny 1
a: no special abilities


You were on level 3 of the Dungeon.
You were not hungry.

You visited 1 branch of the dungeon, and saw 3 of its levels.

You collected 268 gold pieces.


Innate Abilities, Weirdness & Mutations

You have sharp fingernails.
You are partially covered in sharp spines.


   Skills:
 - Level 3.0 Fighting
   Level 0.8 Maces & Flails
 + Level 6.8 Polearms
 - Level 2.6 Dodging
 - Level 3.0 Stealth


You had 5 spell levels left.
You didn't know any spells.
Your spell library was empty.

Dungeon Overview and Level Annotations

Branches:
Dungeon (3/12)

Altars:
Lugonu
Trog

Inventory:

Hand Weapons
 f - the +8 glaive of the Guard {elec, +Rage AC+5 SInv} Occasionally, upon striking a foe, it will discharge some electrical energy and cause terrible harm. It affects your AC (+5). It lets you see invisible. It lets you go berserk.
 m - a cursed +0 short sword (weapon)
   (You found it on level 2 of the Dungeon)
Armour
 b - a +1 robe (worn)
 c - a +1 hat (worn)
 d - a +1 pair of boots (worn)
Jewellery
 j - a cursed -3 ring of intelligence (left claw)
   (You found it on level 2 of the Dungeon)
Scrolls
 h - 2 scrolls of teleportation
 o - a scroll of remove curse
Potions
 p - 2 potions of curing
Comestibles
 a - a chunk of flesh {@w1}
 g - 4 rations {!d}

###..# #....#
#.##.# #.##.#
#.##.# #####
#.##.#######
#...#
#..........#
#.#.#
###........#
#.#.# #
#........# #.#6#
# #........#
#.#.# #
#........# #.#..
###........#
#.####
....######## #.#
###.# #.#
.<#.##########.#
###.#..........#
#...#.##########


There were no monsters in sight!


Message History

No target in view!
No target in view!
No target in view!
No target in view!
No target in view!
No target in view!
No target in view!
Things that are here:
a +0 dagger; a goblin corpse
Found a ration.
g - 4 rations {!d} (gained 1)
Found a green potion.
i - a green potion It was a potion of degeneration.
There was something very wrong with that liquid.
You feel weakened.
You feel dopey.
You feel clumsy.
Sigmund the Dreaded comes into view.
He is wielding a +0 scythe of slicing and wearing a +1 robe of magic resistance.
Sigmund shouts!
You feel agile all of a sudden.
Okay, then.
Okay, then.
Sigmund closely misses you.
You closely miss Sigmund. Sigmund closely misses you.
You barely miss Sigmund. You hit Sigmund.
Sigmund is lightly wounded.
Sigmund hits you but does no damage.
You hit Sigmund.
Sigmund is moderately wounded.
Sigmund is struck by your spines.
Sigmund hits you with a +0 scythe of slicing.
You hit Sigmund.
Sigmund is moderately wounded.
Sigmund is struck by your spines. Sigmund closely misses you.
You closely miss Sigmund.
Sigmund is heavily wounded.
You closely miss Sigmund.
Sigmund is heavily wounded.
Sigmund is struck by your spines. Sigmund barely misses you.
You hit Sigmund.
Sigmund is almost dead.
Sigmund is struck by your spines. Sigmund closely misses you.
You barely miss Sigmund.
Sigmund is almost dead.
Sigmund points at you and mumbles some strange words.
You are confused.
You barely miss Sigmund.
Sigmund is almost dead.
Sigmund points at you and mumbles some strange words.
The magic dart hits you!
You bump into the rock wall.
Sigmund looks braver for a moment.
Sigmund closely misses you.
You bump into the rock wall.
You feel less confused. Sigmund is struck by your spines.
You kill Sigmund!
You feel your intelligence returning.
You feel your dexterity returning.
As you finish your manual of Polearms, the mysteries of the crate's mechanism unravel in your mind!
The crate's locking mechanism finally gives in, revealing the +8 glaive of the Guard {elec, +Rage AC+5 SInv}!
Your Polearms skill increases to level 6!
You have reached level 6!
Your experience leads to an increase in your attributes!
Your base attributes are Str 12, Int 15, Dex 12.
Increase (S)trength, (I)ntelligence, or (D)exterity?
You feel stronger.
Things that are here:
a +0 scythe of slicing; a +1 robe of magic resistance the human corpse of Sigmund Are you sure you want to abandon this character and quit the game? (Confirm with "yes".)

Action                   |  1- 3 |  4- 6 || total
-------------------------+-------+-------++-------
Melee: Whip              |   128 |    31 ||   159
       Short sword       |       |    65 ||    65
  Use: Scroll            |     6 |     2 ||     8
       Potion            |       |     5 ||     5
 Stab: Sleeping          |     6 |     4 ||    10
  Eat: Chunk             |     1 |     4 ||     5
Armor: Robe              |    52 |    18 ||    70
Dodge: Dodged            |    84 |    48 ||   132

Levels and vault maps discovered:
D:1:      minmay_arrival_three_doors, layout_loops_corners
D:2:      minmay_thinvault, layout_basic, lemuel_coloured_pillars_altar,
          lemuel_doored_altar
D:3:      layout_basic, first_ration, uniq_sigmund

Notes
Turn   | Place    | Note
-------+----------+-------------------------------------------
     0 | D:1      | Camlann the Demonspawn Archaeologist began the quest for
                  | the Orb.
     0 | D:1      | Reached XP level 1. HP: 15/15 MP: 1/1
   242 | D:1      | Reached skill level 2 in Fighting
   249 | D:1      | Gained mutation: You are partially covered in sharp spines.
                  | [demonic ancestry]
   249 | D:1      | Reached XP level 2. HP: 22/22 MP: 2/2
   808 | D:1      | Reached skill level 3 in Fighting
   810 | D:1      | Reached XP level 3. HP: 26/29 MP: 3/3
   988 | D:2      | Reached skill level 1 in Polearms
  1021 | D:2      | Reached skill level 2 in Polearms
  1110 | D:2      | Found a corrupted altar of Lugonu.
  1259 | D:2      | Found a bloodstained altar of Trog.
  1343 | D:2      | Reached skill level 3 in Polearms
  1343 | D:2      | Gained mutation: You have sharp fingernails. [demonic
                  | ancestry]
  1343 | D:2      | Reached XP level 4. HP: 28/35 MP: 4/4
  1977 | D:3      | Reached skill level 4 in Polearms
  2136 | D:3      | Reached XP level 5. HP: 34/41 MP: 5/5
  2140 | D:3      | Reached skill level 5 in Polearms
  2464 | D:3      | Noticed Sigmund
  2481 | D:3      | Killed Sigmund
  2481 | D:3      | Reached skill level 6 in Polearms
  2481 | D:3      | Reached XP level 6. HP: 34/47 MP: 6/6
  2483 | D:3      | Quit the game

Vanquished Creatures
  Sigmund (D:3)
  An orc wizard (D:3)
  A hound skeleton (D:3)
  3 adders
  2 oozes
  An adder skeleton (D:2)
  4 worms
  A dart slug (D:1)
  5 orcs
  2 giant cockroaches (D:2)
  7 goblins
  12 hobgoblins
  16 jackals
  6 kobolds
  A quokka (D:3)
  2 ball pythons (D:3)
  4 bats (D:2)
  A frilled lizard (D:1)
  2 rats (D:2)
72 creatures vanquished.
